 Dungeon Sprint DCSS version 0.30-a0-476-g330ca2eb8e (webtiles) character file.

Game seed: 17183479946055670839

2586 ragingrage the Bludgeoner (level 9, -11/88 HPs)
             Began as a Gargoyle Gladiator on Dec 21, 2022.
             Was an Elder of Okawaru.
             Mangled by a death cob (15 damage)
             ... in the Dungeon (Sprint VII: "The Pits").
             The game lasted 00:02:46 (969 turns).

ragingrage the Bludgeoner (Gargoyle Gladiator)       Turns: 969, Time: 00:02:47

Health: -11/88     AC: 24    Str: 24    XL:     9   Next: 58%
Magic:  13/15      EV: 12    Int: 10    God:    Okawaru [****..]
Gold:   0          SH:  0    Dex: 11    Spells: 8/8 levels left

rFire   . . .      SeeInvis .    t - +2 morningstar (vorpal)
rCold   . . .      Faith    .    (no shield)
rNeg    + . .      Spirit   .    s - +4 chain mail
rPois   ∞          Reflect  .    c - +0 helmet
rElec   +          Harm     .    (no cloak)
rCorr   .          Rampage  .    (no gloves)
Will    .....      NoTele   +    (no boots)
Stlth   ..........               (no amulet)
HPRegen 0.34/turn                q - +3 ring of strength
MPRegen 0.14/turn                (no ring)

@: berserking, heroic, slowed
A: sickness immunity, AC +6, negative energy resistance 1, electricity
resistance, torment resistance 1, petrification resistance
a: Renounce Religion, Heroism, Finesse


You were in the Dungeon.
You worshipped Okawaru.
Okawaru was greatly pleased with you.
You visited 1 branch

Inventory:

Hand Weapons
 a - a +0 flail
 b - a +2 scimitar of flaming
 t - a +2 vorpal morningstar (weapon)
 u - a +1 glaive of flaming
Missiles
 e - 5 javelins (quivered)
 v - 2 atropa-tipped darts
Armour
 c - a +0 helmet (worn)
 l - a +5 ring mail
 s - a +4 chain mail (worn)
Jewellery
 d - a +3 ring of intelligence
 q - a +3 ring of strength (left hand)
Scrolls
 k - a scroll of blinking
 n - 5 scrolls of amnesia
 o - a scroll of summoning
 p - 2 scrolls of vulnerability
Potions
 f - a potion of curing
 g - 10 potions of heal wounds
 h - 3 potions of haste
 i - 4 potions of magic
 m - 2 potions of invisibility
 r - a potion of mutation


   Skills:
 + Level 7.8(12.8) Fighting
 * Level 15.4(20.4) Maces & Flails
 - Level 6.0(11.0) Throwing
 + Level 7.1(12.1) Armour
 - Level 6.0(11.0) Dodging
 + Level 8.8 Invocations


You had 8 spell levels left.
You didn't know any spells.
Your spell library was empty.

Dungeon Overview and Level Annotations

Branches:
Dungeon (1/1)

Altars:
Ashenzari
Cheibriados
Dithmenos
Elyvilon
Fedhas
Gozag
Hepliaklqana
Kikubaaqudgha
Makhleb
Nemelex Xobeh
Okawaru
Qazlal
Ru
Sif Muna
Trog
Uskayaw
Vehumet
Wu Jian
Xom
Yredelemnul
Zin
The Shining One
Jiyva
Lugonu


Innate Abilities, Weirdness & Mutations

You are immune to sickness and miasma.
Your stone body is resilient. (AC +6)
You are immune to poison.
You resist negative energy. (rN+)
You are resistant to electric shocks. (rElec)
You are resistant to unholy torment.
You are immune to petrification.


Message History

Found four items.
A death cob and a profane servitor come into view.
You close the door.
You hear a shout!
You hear an angry hiss.
A hell knight opens the door.
The hell knight mumbles some strange prayers to its god.
The hell knight seems to speed up.
The profane servitor moves out of view.
You hear a shout!
A hell knight comes into view.
It is wielding a +2 demon whip of flaming.
You aren't carrying any items that you can evoke.
Unknown command.
You gain the combat prowess of a mighty hero.
The hell knight hits you from afar with a +5 glaive!
The death cob hits you but does no damage.
The hell knight prays to its god.
The hell knight seems to speed up.
The hell knight hits you from afar with a +5 glaive!!
The death cob completely misses you.
You hear a shout!
Okay, then.
You feel much better. The death cob hits you! The death cob drains your vigour!
You feel yourself slow down. The hell knight misses you.
The death cob hits you but does no damage.
A spriggan rider comes into view. It is wielding a +0 spear.
A red film seems to cover your vision as you go berserk!
You feel yourself moving faster!
You feel mighty!
The death cob hits you but does no damage.
The hell knight hits you from afar with a +5 glaive.
The death cob hits you but does no damage.
The death cob barely misses you. The hell knight barely misses you.
The death cob hits you. The death cob drains your vigour!
You feel as though you will be slow longer.
The hell knight completely misses you.
You miss the death cob. The death cob hits you!
The hell knight hits you from afar with a +5 glaive!!
* * * LOW HITPOINT WARNING * * *
You barely miss the death cob. The death cob hits you!
* * * LOW HITPOINT WARNING * * *
The death cob hits you!
You die... ## ## #p .# #i }# #H {# #p S#p

..#####z######### ########
.......@......... ______.#
................. ______.#
#########''######
____...###########''######
######'##................#
.')))'.##......#..#......#
######.##................+
..)....))................+
###'#####......#..#......#


You could see a death cob, a minotaur, 3 hell knights, a spriggan rider and a
black mamba.

Vanquished Creatures
  A death yak (D)
  Urug (D)
  A bog body (D)
  A red devil (D)
  A fire bat (D)
  A basilisk (D)
  A water moccasin (D)
  An orc warrior (D)
  A wolf (D)
  A scorpion (D)
  An orc priest (D)
  Jessica (D)
  A hell rat (D)
  An orc wizard (D)
  A gnoll (D)
  A river rat (D)
  2 orcs (D)
  An endoplasm (D)
  3 giant cockroaches (D)
  A goblin (D)
  A hobgoblin (D)
  6 jackals (D)
  A frilled lizard (D)
  2 kobolds (D)
  A quokka skeleton (D)
  A rat (D)
35 creatures vanquished.

Notes
Turn   | Place    | Note
-------+----------+-------------------------------------------
     0 | D        | ragingrage the Gargoyle Gladiator began the quest for the
                  | Orb.
     0 | D        | Reached XP level 1. HP: 12/12 MP: 1/1
    19 | D        | Reached skill level 5 in Maces & Flails
    19 | D        | Reached XP level 2. HP: 6/17 MP: 2/2
    69 | D        | Found a bloodstained altar of Trog.
    69 | D        | Found a shimmering blue altar of Sif Muna.
    69 | D        | Found a viscous altar of Jiyva.
    69 | D        | Found a hazy altar of Hepliaklqana.
    69 | D        | Found an opulent altar of Gozag.
    70 | D        | Found a glowing golden altar of the Shining One.
    70 | D        | Found a glowing silver altar of Zin.
    70 | D        | Found a basalt altar of Yredelemnul.
    70 | D        | Found a shimmering altar of Xom.
    70 | D        | Found an ornate altar of the Wu Jian Council.
    70 | D        | Found a sacrificial altar of Ru.
    70 | D        | Found a stormy altar of Qazlal.
    70 | D        | Found an iron altar of Okawaru.
    70 | D        | Found a sparkling altar of Nemelex Xobeh.
    70 | D        | Found a burning altar of Makhleb.
    70 | D        | Found a blossoming altar of Fedhas.
    70 | D        | Found a white marble altar of Elyvilon.
    70 | D        | Found a shadowy altar of Dithmenos.
    70 | D        | Found a snail-covered altar of Cheibriados.
    72 | D        | Found a corrupted altar of Lugonu.
    72 | D        | Found a radiant altar of Vehumet.
    73 | D        | Found an ancient bone altar of Kikubaaqudgha.
    73 | D        | Found a hide-covered altar of Uskayaw.
    73 | D        | Found a broken altar of Ashenzari.
    78 | D        | Became a worshipper of Warmaster Okawaru
   119 | D        | Noticed a scorpion
   127 | D        | Killed a scorpion
   128 | D        | Reached skill level 8 in Maces & Flails
   128 | D        | Reached XP level 3. HP: 21/21 MP: 3/3
   128 | D        | Reached XP level 4. HP: 26/26 MP: 4/4
   151 | D        | Reached skill level 9 in Maces & Flails
   195 | D        | Noticed a fire bat
   221 | D        | Killed a fire bat
   222 | D        | Reached skill level 12 in Maces & Flails
   222 | D        | Reached XP level 5. HP: 8/30 MP: 5/5
   222 | D        | Reached XP level 6. HP: 9/35 MP: 6/6
   359 | D        | Noticed Jessica
   363 | D        | Killed Jessica
   380 | D        | Noticed an orc warrior
   388 | D        | Killed an orc warrior
   388 | D        | Reached * piety under Okawaru
   389 | D        | Reached skill level 13 in Maces & Flails
   417 | D        | Noticed a bog body
   426 | D        | Killed a bog body
   426 | D        | Reached ** piety under Okawaru
   427 | D        | Reached skill level 14 in Maces & Flails
   427 | D        | Reached skill level 5 in Invocations
   427 | D        | Reached XP level 7. HP: 34/44 MP: 9/11
   485 | D        | Reached XP level 8. HP: 46/48 MP: 12/12
   515 | D        | Reached skill level 5 in Fighting
   529 | D        | Reached *** piety under Okawaru
   753 | D        | Noticed Urug
   753 | D        | Noticed a red devil
   764 | D        | Killed Urug
   765 | D        | Reached skill level 5 in Throwing
   765 | D        | Reached skill level 5 in Armour
   765 | D        | Reached skill level 5 in Dodging
   765 | D        | Reached XP level 9. HP: 54/56 MP: 11/14
   765 | D        | Killed a red devil
   815 | D        | Noticed a death yak
   848 | D        | Killed a death yak
   848 | D        | Reached **** piety under Okawaru
   848 | D        | Received a gift from Okawaru
   849 | D        | Reached skill level 15 in Maces & Flails
   963 | D        | Noticed a minotaur
   963 | D        | Noticed a wizard
   963 | D        | Noticed a hell knight
   963 | D        | Noticed a hell knight
   963 | D        | Noticed a hell knight
   963 | D        | Noticed a black mamba
   964 | D        | Noticed a death cob
   964 | D        | Noticed a profane servitor
   965 | D        | Noticed a hell knight
   966 | D        | Noticed a spriggan rider
   969 | D        | HP: 4/88 [death cob (9)]
   969 | D        | Mangled by a death cob

Illustrated notes

Levels and vault maps discovered:
D:        pitsprint [storerooms_1, entrance_room_1, metal_vault_4, armoury_2,
          mini_pit_1, grid_room_1, main_hall_1, silver_pit, the_coven_2,
          the_vestibule_1, steel_vault_1, golden_pit, hallway_of_sentries,
          crystal_vault_6, iron_vault_4, final_vault]

Skill      XL: |  1  2  3  4  5  6  7  8  9 |
---------------+----------------------------+-----
Maces & Flails | 5 8 12 14 15 | 15.4
Invocations    | 6 7 8 |  8.8
Fighting       | 4 6 7 |  7.8
Throwing       | 3 5 6 |  6.0
Armour         | 3 4 5 7 |  7.1
Dodging        | 4 5 6 |  6.0

Action                   |  1- 3 |  4- 6 |  7- 9 || total
-------------------------+-------+-------+-------++-------
Melee: Flail             |     7 |       |       ||     7
       Mace              |     7 |    63 |    49 ||   119
       Morningstar       |       |       |    29 ||    29
       Punch             |       |       |     2 ||     2
Throw: Throwing net      |     1 |     3 |       ||     4
Invok: Heroism           |       |       |     3 ||     3
  Use: Potion            |       |     1 |     3 ||     4
 Stab: Held in net/web   |       |     3 |       ||     3
Armor: Leather armour    |     3 |    24 |     8 ||    35
       Chain mail        |       |       |    25 ||    25
Dodge: Dodged            |     8 |    30 |    40 ||    78

Table legend: (Time is in decaauts)
 A = Elapsed time spent in this place.
 B = Non-inter-level travel time spent in this place.
 C = Inter-level travel time spent in this place.
 D = Time resting spent in this place.
 E = Time spent auto-exploring this place.
 F = Levels seen in this place.
 G = Mean time per level.
                   A        B        C        D        E       F      G
               +--------+--------+--------+--------+--------+-----+--------+
         Total |    960 |    915 |     45 |    469 |     23 |   1 |  960.0 |
       Dungeon |    960 |    915 |     45 |    469 |     23 |   1 |  960.0 |
               +--------+--------+--------+--------+--------+-----+--------+

Top non-repeatable levels by time:
       D: 960 daAuts
